| TOP OF THE 1ST |
|
Philadelphia (APP) Phillies batting - Pitching for Helena Brewers : LHP Mamoru Okazaki
|
|
Pitching: LHP Mamoru Okazaki
|
|
|
Batting: RHB Dan Doggett
|
0-0: Ball 1-0: Foul Ball, location: 2F 1-1: Ball 2-1: Foul Ball, location: 2F 2-2: Strikes out swinging
|
|
Batting: RHB Nick Maxwell
|
0-0: Swinging Strike 0-1: Ball 1-1: Ball 2-1: Ball 3-1: Base on Balls
|
|
Batting: SHB Sam Fredrick
|
0-0: Called Strike 0-1: Foul Ball, location: 2F 0-2: Ball 1-2: Strikes out swinging
|
|
Batting: LHB Victor Estrada
|
0-0: Called Strike 0-1: Foul Ball, location: 2F 0-2: Strikes out swinging
|
| Top of the 1st over - 0 runs, 0 hits, 0 errors, 1 left on base; Philadelphia (APP) 0 - Helena 0 |
| BOTTOM OF THE 1ST |
|
Helena Brewers batting - Pitching for Philadelphia (APP) Phillies : RHP Rüdiger Stritter
|
|
Pitching: RHP Rüdiger Stritter
|
|
|
Batting: LHB Andy Buschlen
|
0-0: Called Strike 0-1: Ball 1-1: Ball 2-1: Foul Ball, location: 2F 2-2: Foul Ball, location: 2F 2-2: Ball 3-2: Base on Balls
|
|
Batting: RHB Austin Doig
|
0-0: Called Strike 0-1: Reached on error, E6 (Groundball, 6, EV 101.9 MPH) Andy Buschlen to second
|
|
Batting: RHB Manny Olave
|
0-0: Ball Passed Ball! Andy Buschlen to third Austin Doig to second 1-0: Foul Ball, location: 2F 1-1: DOUBLE (Line Drive, 78XD, EV 103.1 MPH) Andy Buschlen scores Austin Doig scores
|
|
Batting: LHB Tony Hasbun
|
0-0: Ball 1-0: Called Strike 1-1: DOUBLE (Groundball, 5L, EV 101.2 MPH) Manny Olave scores
|
|
Batting: RHB Frank Pena
|
0-0: Ball 1-0: Ball 2-0: Called Strike 2-1: Foul Ball, location: 2F 2-2: SINGLE (Groundball, 34D, EV 95.6 MPH) Tony Hasbun to third
|
|
Batting: LHB Jose Simental
|
0-0: Ball 1-0: Ball Wild Pitch! Tony Hasbun scores Frank Pena to second 2-0: Ball 3-0: Called Strike 3-1: Foul Ball, location: 2F 3-2: Foul Ball, location: 2F 3-2: SINGLE (Groundball, 6S, EV 66.2 MPH) (infield hit) Frank Pena to third
|
|
Batting: RHB Bobby Raya
|
0-0: Swinging Strike 0-1: Called Strike 0-2: Ball 1-2: Grounds into double play, 4-6-3 (Groundball, 34S, EV 83.1 MPH) Frank Pena scores
|
|
Batting: RHB Mohammed bin Ubaida
|
0-0: Foul Ball, location: 2F 0-1: Ball 1-1: Called Strike 1-2: Ball 2-2: Ball 3-2: Foul Ball, location: 2F 3-2: Base on Balls
|
|
Batting: RHB Gil Sanchez
|
0-0: Ball 1-0: Called Strike 1-1: Ball 2-1: Fly out, F8 (Flyball, 8RD, EV 89.4 MPH)
|
| Bottom of the 1st over - 5 runs, 4 hits, 1 error, 1 left on base; Philadelphia (APP) 0 - Helena 5 |
| TOP OF THE 2ND |
|
Philadelphia (APP) Phillies batting - Pitching for Helena Brewers : LHP Mamoru Okazaki
|
|
Batting: LHB Jessie Whedbee
|
0-0: Foul Ball, location: 2F 0-1: Swinging Strike 0-2: Strikes out swinging
|
|
Batting: RHB Mike Ryan
|
0-0: Fly out, F8 (Flyball, 8LD, EV 99.4 MPH)
|
|
Batting: RHB Jose Hurtado
|
0-0: Foul Ball, location: 2F 0-1: Foul Ball, location: 2F 0-2: Ball 1-2: Hit by Pitch
|
|
Batting: LHB Justin Harrison
|
0-0: Ball 1-0: Swinging Strike 1-1: Called Strike 1-2: Strikes out looking
|
| Top of the 2nd over - 0 runs, 0 hits, 0 errors, 1 left on base; Philadelphia (APP) 0 - Helena 5 |
| BOTTOM OF THE 2ND |
|
Helena Brewers batting - Pitching for Philadelphia (APP) Phillies : RHP Rüdiger Stritter
|
|
Batting: LHB Andy Buschlen
|
0-0: Ball 1-0: Ball 2-0: Swinging Strike 2-1: Ball 3-1: Base on Balls
|
|
Batting: RHB Austin Doig
|
0-0: Swinging Strike Passed Ball! Andy Buschlen to second 0-1: Called Strike 0-2: Foul Ball, location: 2F 0-2: Fly out, F3 (Popup, 3F, EV 59.4 MPH)
|
|
Batting: RHB Manny Olave
|
0-0: Ball Andy Buschlen steals 3rd base 1-0: Ground out 4-3 (Groundball, 4, EV 97.5 MPH) Andy Buschlen scores
|
|
Batting: LHB Tony Hasbun
|
0-0: Reached on error, E6 (Groundball, 6, EV 85.6 MPH)
|
|
Batting: RHB Frank Pena
|
0-0: Ball Wild Pitch! Tony Hasbun to third 1-0: Ball 2-0: Foul Ball, location: 2F 2-1: Swinging Strike 2-2: Strikes out swinging
|
| Bottom of the 2nd over - 1 run, 0 hits, 1 error, 1 left on base; Philadelphia (APP) 0 - Helena 6 |
| TOP OF THE 3RD |
|
Philadelphia (APP) Phillies batting - Pitching for Helena Brewers : LHP Mamoru Okazaki
|
|
Batting: SHB Robert Chauvel
|
0-0: Called Strike 0-1: Ball 1-1: Swinging Strike 1-2: Foul Ball, location: 2F 1-2: Ball 2-2: Fly out, F6 (Line Drive, 6, EV 68.1 MPH)
|
|
Batting: RHB Dan Doggett
|
0-0: Foul Ball, location: 2F 0-1: Ball 1-1: Swinging Strike 1-2: Ball 2-2: Foul Ball, location: 2F 2-2: Strikes out looking
|
|
Batting: RHB Nick Maxwell
|
0-0: Ground out 6-3 (Groundball, 56, EV 100.6 MPH)
|
| Top of the 3rd over - 0 runs, 0 hits, 0 errors, 0 left on base; Philadelphia (APP) 0 - Helena 6 |
| BOTTOM OF THE 3RD |
|
Helena Brewers batting - Pitching for Philadelphia (APP) Phillies : RHP Rüdiger Stritter
|
|
Batting: LHB Jose Simental
|
0-0: SINGLE (Line Drive, 6D, EV 98.8 MPH)
|
|
Batting: RHB Bobby Raya
|
0-0: Ball 1-0: Called Strike 1-1: Foul Ball, location: 2F 1-2: Strikes out looking
|
|
Batting: RHB Mohammed bin Ubaida
|
0-0: Ball 1-0: Foul Ball, location: 2F 1-1: Ball Passed Ball! Jose Simental to second 2-1: Foul Ball, location: 2F 2-2: Ground out U3 (Groundball, 3S, EV 94.4 MPH) Jose Simental to third
|
|
Batting: RHB Gil Sanchez
|
0-0: Foul Ball, location: 2F 0-1: DOUBLE (Line Drive, 7LS, EV 97.5 MPH) Jose Simental scores
|
|
Batting: LHB Andy Buschlen
|
0-0: Called Strike 0-1: Ball 1-1: Swinging Strike 1-2: Hit by Pitch
|
|
Batting: RHB Austin Doig
|
0-0: SINGLE (Groundball, 6D, EV 107.5 MPH) Gil Sanchez to third Andy Buschlen to second
|
|
Batting: RHB Manny Olave
|
0-0: Ground out 3-1 (Groundball, 34S, EV 83.8 MPH)
|
| Bottom of the 3rd over - 1 run, 3 hits, 0 errors, 3 left on base; Philadelphia (APP) 0 - Helena 7 |
| TOP OF THE 4TH |
|
Philadelphia (APP) Phillies batting - Pitching for Helena Brewers : LHP Mamoru Okazaki
|
|
Batting: SHB Sam Fredrick
|
0-0: Foul Ball, location: 2F 0-1: Ball 1-1: Foul Ball, location: 2F 1-2: Strikes out swinging
|
|
Batting: LHB Victor Estrada
|
0-0: Foul Ball, location: 2F 0-1: SINGLE (Groundball, 4MD, EV 102.5 MPH) (infield hit)
|
|
Batting: LHB Jessie Whedbee
|
0-0: Foul Ball, location: 2F 0-1: Ball 1-1: Foul Ball, location: 2F 1-2: Ball 2-2: Strikes out swinging
|
|
Batting: RHB Mike Ryan
|
0-0: Ball 1-0: Ball 2-0: Foul Ball, location: 2F 2-1: Foul Ball, location: 2F 2-2: Ball 3-2: Foul Ball, location: 2F 3-2: Base on Balls Victor Estrada to second
|
|
Batting: RHB Jose Hurtado
|
0-0: Swinging Strike 0-1: Fly out, F8 (Line Drive, 8RM, EV 98.1 MPH)
|
| Top of the 4th over - 0 runs, 1 hit, 0 errors, 2 left on base; Philadelphia (APP) 0 - Helena 7 |
| BOTTOM OF THE 4TH |
|
Helena Brewers batting - Pitching for Philadelphia (APP) Phillies : RHP Rüdiger Stritter
|
|
Batting: LHB Tony Hasbun
|
0-0: Foul Ball, location: 2F 0-1: Ball 1-1: DOUBLE (Line Drive, 89D, EV 108.8 MPH)
|
|
Batting: RHB Frank Pena
|
0-0: Called Strike 0-1: Fly out, F5 (Line Drive, 5L, EV 77.5 MPH)
|
|
Batting: LHB Jose Simental
|
0-0: Ball 1-0: Foul Ball, location: 2F 1-1: Ball 2-1: Ball 3-1: Base on Balls
|
|
Batting: RHB Bobby Raya
|
0-0: SINGLE (Groundball, 56, EV 102.5 MPH) Tony Hasbun to third Jose Simental to second Runner from 3rd tries for Home, SAFE, throw by LF to home
|
|
Pitching: RHP Robert Mccabe
|
|
|
Batting: RHB Mohammed bin Ubaida
|
0-0: Ball 1-0: Called Strike 1-1: Called Strike 1-2: Ball 2-2: Ball 3-2: Base on Balls Jose Simental to third Bobby Raya to second
|
|
Batting: RHB Gil Sanchez
|
0-0: Fly out, F8 (Line Drive, 8LD, EV 93.8 MPH) Runner from 3rd tags up, SCORES, throw by CF
|
|
Batting: LHB Andy Buschlen
|
0-0: Ball 1-0: Ball Passed Ball! Bobby Raya to third Mohammed bin Ubaida to second 2-0: Foul Ball, location: 2F 2-1: Ball 3-1: Base on Balls
|
|
Batting: RHB Austin Doig
|
0-0: Ball 1-0: Ball Passed Ball! Bobby Raya scores Mohammed bin Ubaida to third Andy Buschlen to second 2-0: Foul Ball, location: 2F 2-1: Ball Wild Pitch! Mohammed bin Ubaida scores Andy Buschlen to third 3-1: Foul Ball, location: 2F 3-2: Foul Ball, location: 2F 3-2: Base on Balls
|
|
Pitching: LHP Marc Haigler
|
|
|
Batting: RHB Manny Olave
|
0-0: Ball Passed Ball! Andy Buschlen scores Austin Doig to second 1-0: Ball 2-0: Ball Passed Ball! Austin Doig to third 3-0: Base on Balls
|
|
Batting: LHB Tony Hasbun
|
0-0: Ball 1-0: Ball 2-0: Swinging Strike 2-1: Swinging Strike 2-2: Ball 3-2: Base on Balls Manny Olave to second
|
|
Batting: RHB Frank Pena
|
0-0: Ball 1-0: Ball 2-0: GRAND SLAM HOME RUN (Flyball, 78XD, EV 102.5 MPH), Distance : 414 ft
|
|
Batting: LHB Jose Simental
|
0-0: Ball 1-0: Foul Ball, location: 2F 1-1: Swinging Strike 1-2: Foul Ball, location: 2F 1-2: Foul Ball, location: 2F 1-2: Ball 2-2: Ball 3-2: Strikes out looking
|
| Bottom of the 4th over - 9 runs, 3 hits, 0 errors, 0 left on base; Philadelphia (APP) 0 - Helena 16 |
| TOP OF THE 5TH |
|
Philadelphia (APP) Phillies batting - Pitching for Helena Brewers : LHP Mamoru Okazaki
|
|
Batting: LHB Justin Harrison
|
0-0: Called Strike 0-1: Foul Ball, location: 2F 0-2: Ball 1-2: Foul Ball, location: 2F 1-2: Strikes out swinging
|
|
Batting: SHB Robert Chauvel
|
0-0: Called Strike 0-1: Swinging Strike 0-2: Ball 1-2: Ball 2-2: Ball 3-2: Foul Ball, location: 2F 3-2: Foul Ball, location: 2F 3-2: SINGLE (Groundball, 6MD, EV 99.4 MPH)
|
|
Batting: RHB Dan Doggett
|
0-0: Ball 1-0: Foul Ball, location: 2F 1-1: Ball 2-1: Ball 3-1: Foul Ball, location: 2F 3-2: Strikes out swinging
|
|
Batting: RHB Nick Maxwell
|
0-0: Ball 1-0: Ball 2-0: Called Strike 2-1: Ball 3-1: Base on Balls Robert Chauvel to second
|
|
Batting: SHB Sam Fredrick
|
0-0: Ball 1-0: Swinging Strike 1-1: Foul Ball, location: 7LSF, Error on foul ball, E7 1-2: Ball 2-2: Foul Ball, location: 2F 2-2: Foul Ball, location: 2F 2-2: Ball 3-2: Base on Balls Robert Chauvel to third Nick Maxwell to second
|
|
Batting: LHB Victor Estrada
|
0-0: Foul Ball, location: 2F 0-1: Called Strike 0-2: Ball 1-2: Strikes out swinging
|
| Top of the 5th over - 0 runs, 1 hit, 1 error, 3 left on base; Philadelphia (APP) 0 - Helena 16 |
| BOTTOM OF THE 5TH |
|
Helena Brewers batting - Pitching for Philadelphia (APP) Phillies : LHP Marc Haigler
|
|
Pitching: RHP Takuzo Sato
|
|
|
Batting: RHB Bobby Raya
|
0-0: Ball 1-0: Called Strike 1-1: Swinging Strike 1-2: Ball 2-2: Ball 3-2: Base on Balls
|
|
Batting: RHB Mohammed bin Ubaida
|
0-0: Ball 1-0: Ball Wild Pitch! Bobby Raya to second 2-0: Ball 3-0: Called Strike 3-1: Base on Balls
|
|
Batting: RHB Gil Sanchez
|
0-0: Called Strike 0-1: Swinging Strike 0-2: Ball 1-2: Foul Ball, location: 2F 1-2: Strikes out swinging
|
|
Batting: LHB Andy Buschlen
|
0-0: Foul Ball, location: 2F 0-1: Ball 1-1: SINGLE (Groundball, 56S, EV 71.2 MPH) (infield hit) Bobby Raya to third Mohammed bin Ubaida to second
|
|
Pitching: RHP Franck Basset
|
|
|
Batting: RHB Austin Doig
|
0-0: Ball 1-0: Fly out, F9 (Flyball, 89M, EV 87.5 MPH)
|
|
Batting: RHB Manny Olave
|
0-0: Ball 1-0: Ball 2-0: Ball 3-0: Base on Balls Bobby Raya scores Mohammed bin Ubaida to third Andy Buschlen to second
|
|
Batting: LHB Tony Hasbun
|
0-0: Ball 1-0: Foul Ball, location: 2F 1-1: SINGLE (Groundball, 34D, EV 97.5 MPH) (infield hit) Mohammed bin Ubaida scores Andy Buschlen to third Manny Olave to second
|
|
Batting: RHB Frank Pena
|
0-0: Ball Passed Ball! Andy Buschlen scores Manny Olave to third Tony Hasbun to second 1-0: Called Strike 1-1: Foul Ball, location: 2F 1-2: Ball Passed Ball! Manny Olave scores Tony Hasbun to third 2-2: SINGLE (Line Drive, 78S, EV 109.4 MPH) Tony Hasbun scores
|
|
Batting: LHB Jose Simental
|
0-0: SINGLE (Groundball, 4M, EV 102.5 MPH) (infield hit) Frank Pena to second
|
|
Batting: RHB Bobby Raya
|
0-0: Ball 1-0: Ball 2-0: Ball 3-0: Base on Balls Frank Pena to third Jose Simental to second
|
|
Pitching: LHP Chris Alexopoulos
|
|
|
Batting: RHB Mohammed bin Ubaida
|
0-0: Swinging Strike 0-1: Foul Ball, location: 2F 0-2: Ball 1-2: Foul Ball, location: 2F 1-2: Ball 2-2: Ball 3-2: Base on Balls Frank Pena scores Jose Simental to third Bobby Raya to second
|
|
Batting: RHB Gil Sanchez
|
0-0: Foul Ball, location: 2F 0-1: DOUBLE (Line Drive, 9LM, EV 97.5 MPH) Jose Simental scores Bobby Raya scores Mohammed bin Ubaida to third
|
|
Batting: LHB Andy Buschlen
|
0-0: Ball Wild Pitch! Mohammed bin Ubaida scores Gil Sanchez to third 1-0: Ball 2-0: Ball 3-0: Called Strike 3-1: Reached on error, E3 (Groundball, 34, EV 83.1 MPH) Gil Sanchez scores
|
|
Batting: RHB Austin Doig
|
0-0: Ball 1-0: Ball 2-0: Fly out, F6 (Line Drive, 6, EV 69.4 MPH)
|
| Bottom of the 5th over - 10 runs, 5 hits, 1 error, 1 left on base; Philadelphia (APP) 0 - Helena 26 |
| TOP OF THE 6TH |
|
Philadelphia (APP) Phillies batting - Pitching for Helena Brewers : LHP Mamoru Okazaki
|
|
Pitching: RHP Mario Ayala
|
|
|
Batting: LHB Jessie Whedbee
|
0-0: Called Strike 0-1: Called Strike 0-2: Ball 1-2: Strikes out swinging
|
|
Batting: RHB Mike Ryan
|
0-0: Ball 1-0: Called Strike 1-1: Ball 2-1: Called Strike 2-2: Strikes out swinging
|
|
Batting: RHB Jose Hurtado
|
0-0: Called Strike 0-1: Called Strike 0-2: Ball 1-2: Foul Ball, location: 2F 1-2: Strikes out swinging
|
| Top of the 6th over - 0 runs, 0 hits, 0 errors, 0 left on base; Philadelphia (APP) 0 - Helena 26 |
| BOTTOM OF THE 6TH |
|
Helena Brewers batting - Pitching for Philadelphia (APP) Phillies : LHP Chris Alexopoulos
|
|
Batting: RHB Manny Olave
|
0-0: Called Strike 0-1: Ball 1-1: Ball 2-1: Ball 3-1: Called Strike 3-2: Ground out 5-3 (Groundball, 56, EV 81.2 MPH)
|
|
Batting: LHB Tony Hasbun
|
0-0: Ball 1-0: Ball 2-0: Called Strike 2-1: Ground out 3-1 (Groundball, 34, EV 85.0 MPH)
|
|
Batting: RHB Frank Pena
|
0-0: Foul Ball, location: 2F 0-1: Reached on error, E6 (Groundball, 6S, EV 64.4 MPH)
|
|
Batting: LHB Jose Simental
|
0-0: Ball Passed Ball! Frank Pena to third 1-0: Foul Ball, location: 2F 1-1: DOUBLE (Line Drive, 7LS, EV 95.6 MPH) Frank Pena scores
|
|
Batting: RHB Bobby Raya
|
0-0: Foul Ball, location: 2F 0-1: Ball Passed Ball! Jose Simental to third 1-1: Foul Ball, location: 2F 1-2: Fly out, F8 (Flyball, 89XD, EV 95.0 MPH)
|
| Bottom of the 6th over - 1 run, 1 hit, 1 error, 1 left on base; Philadelphia (APP) 0 - Helena 27 |
| TOP OF THE 7TH |
|
Philadelphia (APP) Phillies batting - Pitching for Helena Brewers : RHP Mario Ayala
|
|
Batting: LHB Justin Harrison
|
0-0: Foul Ball, location: 2F 0-1: Ball 1-1: Ball 2-1: Swinging Strike 2-2: Strikes out swinging
|
|
Batting: SHB Robert Chauvel
|
0-0: Ball 1-0: Called Strike 1-1: Ball 2-1: Foul Ball, location: 2F 2-2: Strikes out swinging
|
|
Batting: RHB Dan Doggett
|
0-0: Foul Ball, location: 2F 0-1: Called Strike 0-2: Ball 1-2: Ball 2-2: Strikes out swinging
|
| Top of the 7th over - 0 runs, 0 hits, 0 errors, 0 left on base; Philadelphia (APP) 0 - Helena 27 |
| BOTTOM OF THE 7TH |
|
Helena Brewers batting - Pitching for Philadelphia (APP) Phillies : LHP Chris Alexopoulos
|
|
Batting: RHB Mohammed bin Ubaida
|
0-0: Ball 1-0: SOLO HOME RUN (Flyball, 7LD, EV 91.9 MPH), Distance : 341 ft
|
|
Batting: RHB Gil Sanchez
|
0-0: Fly out, F7 (Flyball, 78M, EV 85.0 MPH)
|
|
Batting: LHB Andy Buschlen
|
0-0: Ball 1-0: Ball 2-0: Ball 3-0: Called Strike 3-1: Foul Ball, location: 2F 3-2: Fly out, F7 (Flyball, 78M, EV 93.1 MPH)
|
|
Batting: RHB Austin Doig
|
0-0: Called Strike 0-1: Foul Ball, location: 2F 0-2: SINGLE (Groundball, 5L, EV 95.6 MPH)
|
|
Batting: RHB Manny Olave
|
0-0: Ball 1-0: Ball 2-0: Called Strike 2-1: Ground out 5-3 (Groundball, 25, EV 87.5 MPH)
|
| Bottom of the 7th over - 1 run, 2 hits, 0 errors, 1 left on base; Philadelphia (APP) 0 - Helena 28 |
| TOP OF THE 8TH |
|
Philadelphia (APP) Phillies batting - Pitching for Helena Brewers : RHP Mario Ayala
|
|
Batting: RHB Nick Maxwell
|
0-0: Called Strike 0-1: Foul Ball, location: 2F 0-2: Ball 1-2: Strikes out looking
|
|
Batting: SHB Sam Fredrick
|
0-0: Ball 1-0: Foul Ball, location: 2F 1-1: Fly out, F8 (Flyball, 8RD, EV 97.5 MPH)
|
|
Batting: LHB Victor Estrada
|
0-0: Ball 1-0: Ball 2-0: Ball 3-0: Called Strike 3-1: Swinging Strike 3-2: Strikes out swinging
|
| Top of the 8th over - 0 runs, 0 hits, 0 errors, 0 left on base; Philadelphia (APP) 0 - Helena 28 |
| BOTTOM OF THE 8TH |
|
Helena Brewers batting - Pitching for Philadelphia (APP) Phillies : LHP Chris Alexopoulos
|
|
Batting: LHB Tony Hasbun
|
0-0: Ball 1-0: Foul Ball, location: 2F 1-1: Ball 2-1: Fly out, F7 (Flyball, 7, EV 96.9 MPH)
|
|
Batting: RHB Frank Pena
|
0-0: Swinging Strike 0-1: Foul Ball, location: 2F 0-2: Foul Ball, location: 2F 0-2: Foul Ball, location: 2F 0-2: Ball 1-2: Ball 2-2: Fly out, F9 (Flyball, 9, EV 98.1 MPH)
|
|
Batting: LHB Jose Simental
|
0-0: Ball 1-0: Foul Ball, location: 2F 1-1: Ball 2-1: Foul Ball, location: 2F 2-2: Strikes out swinging
|
| Bottom of the 8th over - 0 runs, 0 hits, 0 errors, 0 left on base; Philadelphia (APP) 0 - Helena 28 |
| TOP OF THE 9TH |
|
Philadelphia (APP) Phillies batting - Pitching for Helena Brewers : RHP Mario Ayala
|
|
Batting: LHB Jessie Whedbee
|
0-0: Foul Ball, location: 2F 0-1: Foul Ball, location: 2F 0-2: Ball 1-2: Foul Ball, location: 2F 1-2: Ball 2-2: Ball 3-2: SOLO HOME RUN (Flyball, 9D, EV 96.2 MPH), Distance : 364 ft
|
|
Batting: RHB Mike Ryan
|
0-0: Ball 1-0: Called Strike 1-1: Ball 2-1: Swinging Strike 2-2: Ball 3-2: Strikes out swinging
|
|
Batting: RHB Jose Hurtado
|
0-0: Ball 1-0: Called Strike 1-1: Ground out 4-3 (Groundball, 4, EV 91.2 MPH)
|
|
Batting: LHB Justin Harrison
|
0-0: Foul Ball, location: 2F 0-1: Ball 1-1: Ball 2-1: Foul Ball, location: 2F 2-2: Fly out, F6 (Popup, 6, EV 71.9 MPH)
|
| Top of the 9th over - 1 run, 1 hit, 0 errors, 0 left on base; Philadelphia (APP) 1 - Helena 28 |
|